Map: Orbital Shipyard

Players

LiquidTLO (TLO)

  • Race: Zerg Zerg
  • League: Grandmaster

MelloW (Nina) - Winner!

  • Race: Protoss Protoss
  • League: Grandmaster

Event: puCK vs TLO Bo9 (Matcherino)

VOD

Have the link to the VOD?

Description

Time

  • Played on: Nov. 17, 2015, 2:15 p.m.
  • Length: 12:04

All games in this series

Show
View Real Time Build Order
Export as new Build Order

LiquidTLO Zerg 

Build Orders: Hatch First, Lurkers 

Get SALT Encoding   

  12  0:00  Drone  
  13  0:13  Overlord  
  13  0:19  Drone  
  14  0:31  Drone x2  
  16  0:50  Hatchery  
  16  0:52  Drone  
  16  0:57  Drone  
  17  1:09  Spawning Pool  
  16  1:13  Drone  
  16  1:16  Drone  
  18  1:36  Hatchery  
  18  1:39  Drone  
  18  1:43  Drone  
  18  1:46  Drone  
  20  1:56  Queen  
  22  2:04  Queen  
  22  2:07  Drone  
  25  2:12  Overlord  
  26  2:15  Drone  
  26  2:17  Drone  
  26  2:21  Zergling x2  
  28  2:30  Drone  
  28  2:32  Queen  
  28  2:34  Drone  
  28  2:35  Drone  
  33  2:38  Drone  
  33  2:43  Queen  
  36  2:49  Queen  
  38  2:54  Overlord  
  38  2:57  Drone  
  39  3:00  Drone  
  39  3:01  Drone  
  39  3:03  Drone, Extractor  
  41  3:06  Drone  
  42  3:13  Drone x2  
  42  3:14  Overlord  
  42  3:16  Drone  
  42  3:17  Drone  
  42  3:19  Drone  
  47  3:21  Drone  
  47  3:23  Drone  
  47  3:26  Overlord  
  49  3:28  Zergling x2  
  49  3:32  Overlord  
  49  3:33  Drone  
  51  3:35  Drone  
  51  3:37  Drone  
  51  3:38  Drone  
  54  3:44  Evolution Chamber, Spore Crawler  
  54  3:45  Drone  
  54  3:47  Drone  
  54  3:49  Drone  
  54  3:52  Drone  
  54  3:53  Drone  
  56  3:55  Drone  
  56  3:57  Drone x2  
  56  4:00  Drone x2  
  56  4:01  Extractor  
  60  4:03  Drone  
  60  4:04  Drone  
  60  4:06  Drone  
  60  4:07  Drone, Extractor  
  60  4:08  Drone  
  64  4:12  Zerg Melee Weapons Level 1  
  64  4:13  Drone  
  64  4:14  Zergling x2  
  66  4:19  Spore Crawler, Drone x2  
  66  4:20  Drone  
  68  4:24  Drone  
  68  4:26  Overlord, Drone  
  68  4:27  Overlord  
  68  4:29  Drone  
  71  4:33  Zergling x2  
  71  4:34  Zergling x2  
  71  4:35  Metabolic Boost  
  71  4:38  Overlord  
  73  4:45  Drone x2  
  74  4:46  Drone x2, Extractor x2  
  74  4:47  Zergling x2  
  74  4:49  Drone x2, Extractor  
  74  4:50  Lair  
  74  4:51  Zergling x2  
  78  4:53  Overlord  
  79  5:00  Drone x2  
  79  5:01  Drone x2  
  79  5:02  Roach Warren  
  79  5:03  Overlord  
  81  5:09  Evolution Chamber, Drone x2  
  81  5:11  Drone  
  83  5:18  Zergling x2  
  85  5:28  Drone x2  
  85  5:32  Hatchery  
  85  5:33  Zergling x4  
  88  5:35  Zergling x2  
  88  5:36  Zergling x16  
  88  5:37  Zerg Ground Armor Level 1  
  88  5:41  Zergling x2  
  97  5:43  Pneumatized Carapace  
  97  5:47  Roach x2  
  100  5:59  Spire  
  100  6:01  Drone  
  100  6:03  Drone x3  
  100  6:04  Zergling x2  
  104  6:07  Zerg Melee Weapons Level 2  
  104  6:08  Hydralisk Den  
  104  6:10  Roach  
  104  6:11  Overlord x3  
  104  6:12  Overlord  
  104  6:16  Overlord  
  102  6:21  Overlord  
  102  6:23  Overlord  
  102  6:28  Overlord, Roach  
  102  6:31  Roach x5  
  116  6:32  Roach  
  116  6:35  Roach  
  116  6:37  Lurker Den  
  116  6:39  Glial Reconstitution  
  118  6:42  Roach  
  118  6:44  Roach x3  
  118  6:45  Roach  
  129  6:50  Roach x3  
  129  6:53  Roach  
  135  6:57  Roach  
  135  6:58  Roach x2  
  135  7:01  Roach x2  
  141  7:03  Roach  
  141  7:05  Ravager x3  
  141  7:06  Zergling x2  
  141  7:07  Roach  
  147  7:10  Overlord  
  147  7:13  Roach x2  
  147  7:14  Ravager, Roach  
  147  7:15  Ravager  
  155  7:17  Roach  
  155  7:20  Roach x2  
  161  7:23  Overseer  
  161  7:28  Hydralisk  
  161  7:29  Hydralisk x2  
  167  7:34  Hydralisk  
  167  7:35  Hydralisk x2  
  173  7:38  Hydralisk  
  173  7:40  Hydralisk  
  173  7:41  Hydralisk  
  173  7:43  Hydralisk  
  176  7:46  Overlord  
  175  7:51  Overlord  
  175  7:52  Overlord  
  173  7:59  Overlord  
  173  8:01  Overlord x3  
  171  8:09  Zergling x2  
  172  8:13  Zergling x4  
  172  8:14  Zergling x2  
  172  8:16  Lurker x3  
  172  8:18  Lurker  
  179  8:22  Lurker x2  
  179  8:23  Zergling x10  
  186  8:27  Zergling x4  
  186  8:29  Ravager, Zergling x2  
  186  8:30  Ravager  
  186  8:31  Roach  
  186  8:32  Zergling x2  
  194  8:36  Lurker  
  194  8:38  Zergling x2  
  194  8:39  Zergling x2  
  194  8:40  Zergling x2  
  194  8:41  Zergling x2  
  199  8:44  Hatchery  
  199  8:46  Roach  
  200  8:54  Extractor x2  
  178  8:59  Roach  
  178  9:00  Roach  
  178  9:01  Roach x3  
  183  9:03  Roach x2  
  183  9:05  Roach x3  
  183  9:06  Roach  
  183  9:08  Roach  
  181  9:12  Roach x2  
  181  9:15  Roach  
  160  9:17  Zergling x4  
  160  9:19  Roach  
  142  9:27  Hydralisk x3  
  131  9:31  Hydralisk x2  
  129  9:38  Hydralisk  
  129  9:39  Hydralisk  
  129  9:40  Hydralisk  
  128  9:45  Hydralisk  
  128  9:51  Drone  
  131  9:59  Lurker x2  
  133  10:04  Drone x2  
  133  10:05  Hydralisk x3  
  133  10:07  Roach  
  142  10:09  Drone x2  
  142  10:11  Roach  
  146  10:14  Lurker  
  146  10:15  Roach  
  146  10:18  Roach  
  146  10:20  Roach  
  146  10:21  Drone  
  151  10:22  Hydralisk  
  151  10:26  Roach  
  151  10:27  Hydralisk  
  157  10:30  Hydralisk  
  157  10:39  Roach  
  157  10:40  Roach x2  
  157  10:41  Roach  
  152  10:47  Muscular Augments  
  152  10:49  Zergling x14  
  159  10:52  Lurker  
  159  10:53  Lurker  
  159  10:54  Zergling x2  
  159  10:55  Roach  
  166  10:57  Roach  
  166  10:58  Roach  
  166  10:59  Zergling x2  
  166  11:01  Lurker  
  166  11:02  Zergling x2  
  171  11:05  Overseer  
  171  11:06  Roach  
  171  11:08  Spore Crawler  
  171  11:09  Zergling x6  
  171  11:11  Roach  
  176  11:13  Roach  
  176  11:16  Roach  
  175  11:21  Roach x2  
  175  11:22  Roach  
  175  11:23  Queen  
  175  11:24  Overseer  
  183  11:30  Hydralisk x3  
  188  11:35  Roach x2  
  188  11:37  Hydralisk  
  191  11:40  Hydralisk  
Show
View Real Time Build Order
Export as new Build Order

MelloW Protoss - Winner!

Build Orders: Nexus First, Blink Stalkers 

Get SALT Encoding   

  12  0:01  Probe (Chrono Boost)  
  13  0:11  Probe (Chrono Boost)  
  14  0:18  Pylon  
  14  0:22  Probe (Chrono Boost)  
  15  0:36  Probe (Chrono Boost)  
  16  0:46  Probe (Chrono Boost)  
  17  0:57  Probe (Chrono Boost)  
  17  1:00  Nexus  
  18  1:08  Probe (Chrono Boost)  
  19  1:13  Gateway  
  20  1:18  Probe (Chrono Boost)  
  20  1:20  Assimilator  
  20  1:26  Assimilator  
  20  1:30  Probe (Chrono Boost)  
  21  1:35  Pylon  
  21  1:40  Probe (Chrono Boost)  
  22  1:51  Probe (Chrono Boost)  
  23  2:00  Cybernetics Core  
  23  2:01  Probe (Chrono Boost)  
  24  2:12  Probe (Chrono Boost)  
  24  2:13  Probe (Chrono Boost)  
  27  2:22  Probe (Chrono Boost)  
  27  2:23  Probe (Chrono Boost)  
  28  2:33  Probe x2 (Chrono Boost)  
  28  2:37  Adept (Chrono Boost)  
  32  2:38  Warp Gate  
  32  2:43  Probe  
  32  2:44  Mothership Core  
  35  2:53  Probe  
  36  2:58  Nexus  
  36  3:05  Sentry (Chrono Boost), Probe  
  38  3:06  Probe  
  40  3:13  Twilight Council  
  40  3:16  Probe  
  40  3:18  Probe  
  42  3:26  Probe, Pylon  
  42  3:27  Gateway  
  42  3:30  Probe  
  44  3:37  Probe  
  44  3:40  Gateway  
  45  3:42  Probe  
  45  3:47  Probe  
  46  3:49  Blink (Chrono Boost)  
  46  3:54  Probe  
  46  3:58  Probe  
  46  4:01  Robotics Facility  
  47  4:05  Pylon  
  47  4:06  Probe  
  48  4:10  Gateway  
  48  4:12  Gateway, Probe  
  48  4:14  Probe  
  50  4:18  Probe  
  50  4:23  Probe  
  51  4:26  Gateway  
  51  4:28  Probe  
  51  4:30  Gateway  
  53  4:33  Probe  
  53  4:36  Probe  
  53  4:37  Gateway  
  55  4:42  Assimilator  
  57  4:45  Probe x2  
  57  4:47  Assimilator  
  57  4:48  Stalker x2  
  57  4:49  Probe  
  62  4:57  Probe  
  62  4:58  Observer (Chrono Boost)  
  65  5:00  Probe  
  65  5:01  Probe  
  65  5:02  Pylon  
  65  5:06  Stalker  
  68  5:08  Stalker x2  
  68  5:10  Probe  
  68  5:13  Probe  
  73  5:20  Probe  
  75  5:21  Gateway  
  75  5:24  Warp Prism (Chrono Boost)  
  75  5:27  Stalker x2  
  81  5:32  Stalker  
  83  5:40  Pylon  
  83  5:42  Pylon  
  83  5:44  Pylon  
  83  5:50  Forge  
  83  5:57  Stalker  
  83  6:00  Stalker x5, Observer (Chrono Boost)  
  83  6:01  Stalker  
  98  6:08  Resonating Glaives  
  98  6:10  Probe  
  98  6:11  Probe  
  98  6:18  Pylon  
  100  6:20  Pylon  
  100  6:21  Pylon x2  
  100  6:22  Protoss Ground Weapons Level 1  
  100  6:27  Probe  
  100  6:29  Assimilator  
  100  6:30  Assimilator  
  100  6:32  Adept x4  
  109  6:36  Adept  
  109  6:37  Adept  
  113  6:41  Adept x2  
  113  6:53  Adept x2  
  113  6:54  Adept x2  
  121  6:59  Adept x3  
  126  7:02  Probe  
  126  7:04  Probe  
  126  7:06  Pylon  
  128  7:12  Robotics Bay  
  128  7:16  Adept x4  
  128  7:17  Adept  
  138  7:31  Adept x3  
  142  7:39  Adept  
  144  7:44  Stalker x2  
  148  7:53  Pylon  
  148  7:54  Pylon  
  148  7:55  Pylon  
  148  8:05  Gravitic Drive  
  148  8:09  Robotics Facility  
  148  8:13  Stalker x3  
  148  8:14  Stalker x5, Disruptor (Chrono Boost)  
  148  8:16  Protoss Ground Weapons Level 2 (Chrono Boost)  
  167  8:22  Gateway  
  167  8:33  Photon Cannon x2  
  167  8:44  Nexus  
  169  8:48  Stalker  
  169  8:49  Stalker  
  171  9:03  Observer (Chrono Boost)  
  171  9:09  Stalker x2  
  145  9:20  Stalker x4  
  145  9:22  Pylon x2  
  145  9:24  Disruptor (Chrono Boost)  
  144  9:25  Pylon  
  144  9:29  Cybernetics Core  
  138  9:47  Photon Cannon  
  138  9:48  Assimilator  
  138  9:50  Photon Cannon  
  138  9:52  Photon Cannon  
  138  9:55  Disruptor (Chrono Boost)  
  138  9:56  Pylon  
  141  10:04  Dark Shrine  
  141  10:09  Adept x2  
  141  10:11  Robotics Facility  
  141  10:12  Stalker x2  
  149  10:26  Disruptor (Chrono Boost)  
  152  10:28  Stalker x3  
  142  10:46  Stalker x3  
  142  10:47  Stalker x2  
  142  10:49  Probe  
  152  10:50  Probe x2  
  152  10:54  Pylon  
  153  10:58  Disruptor (Chrono Boost)  
  153  11:01  Probe  
  153  11:02  Probe, Adept  
  163  11:05  Disruptor (Chrono Boost), Photon Cannon  
  163  11:18  Dark Templar x2  
  167  11:34  Stalker  
  167  11:35  Stalker x5  
  179  11:41  Assimilator x2  
  173  11:58  Stalker  
  173  11:59  Stalker x5  
  173  12:00  Stalker  

Tags
 
Add a new tag
Caveats
  • Supply blocks, unpowered buildings, or Contaminate may cause inaccurate times.
  • Supply counts are checked every 10 seconds.